 Dungeon Crawl Stone Soup version 0.30-a0-711-gf4ac18a38d (webtiles) character file.

Game seed: 2708116038750547237

13 Irreverend the Magician (level 2, -1/21 HPs)
             Began as a Djinni Fire Elementalist on Jan 23, 2023.
             Slain by a frilled lizard (3 damage)
             ... on level 1 of the Dungeon.
             The game lasted 00:04:29 (851 turns).

Irreverend the Magician (Djinni Fire Elementalist)   Turns: 851, Time: 00:04:30

Health: -1/21      AC:  2    Str:  7    XL:     2   Next: 50%
Gold:   68         EV: 12    Int: 16    God:
                   SH:  0    Dex: 13

rFire   + + .      SeeInvis .    (no weapon)
rCold   x . .      Faith    .    (no shield)
rNeg    . . .      Spirit   .    a - +0 robe
rPois   ∞          Reflect  .    (no helmet)
rElec   .          Harm     .    (no cloak)
rCorr   .          Rampage  .    (no gloves)
Will    .....                    (boots unavailable)
Stlth   ++                       (no amulet)
HPRegen 0.23/turn                (no ring)
MPRegen 0.00/turn                (no ring)

@: flying
A: sickness immunity, fire resistance 2, cold vulnerability 1, float, innate
caster, HP casting, extra vitality 1
a: no special abilities


You were on level 1 of the Dungeon.
You visited 1 branch of the dungeon, and saw 1 of its levels.

You collected 68 gold pieces.

Inventory:

Armour
 a - a +0 robe (worn)
Scrolls
 f - a scroll of fear {unknown}
 g - a scroll of summoning {unknown}
Potions
 b - a potion of magic
 d - a potion of might {unknown}
 e - a potion of haste {unknown}


   Skills:
 + Level 2.2 Dodging
 + Level 1.6 Stealth
 * Level 2.9 Spellcasting


You couldn't memorise any spells.
You knew the following spells:

 Your Spells              Type           Power      Damage    Failure   Level
a - Foxfire               Conj/Fire      44%        2x1d6     5%          1
b - Scorch                Fire           22%        2d6       9%          2
c - Kindle Blastsparks    Fire/Tloc/Air  22%        2d11      17%         3
d - Inner Flame           Hex/Fire       11%        N/A       17%         3
e - Flame Wave            Conj/Fire      11%        2d6       50%         4
Your spell library was empty.

Dungeon Overview and Level Annotations

Branches:
Dungeon (1/15)

Altars:


Innate Abilities, Weirdness & Mutations

You are immune to sickness and miasma.
You are immune to poison.
Your flesh is very heat resistant. (rF++)
You are vulnerable to cold. (rC-)
You float through the air rather than walking.
You learn spells naturally, not from books.
Your magical power is your life essence.
You have superior vitality. (+4 MHP)


Message History

The frilled lizard barely misses you.
Your foxfire dissipates!
The quokka bites you but does no damage.
The quokka attacks as you move away! The quokka barely misses you.
A bat comes into view.
The bat moves out of view.
Found a stone staircase leading down.
The frilled lizard attacks as you move away!
The frilled lizard bites you.
A ball python comes into view.
The bat misses you.
Casting: Foxfire (safe; 6% risk of failure)
Confirm with . or Enter, or press ? or * to list all spells.
You conjure some foxfire!
* * * LOW HITPOINT WARNING * * *
The bat hits you but does no damage.
The quokka bites you but does no damage.
The foxfire hits the bat.
You kill the bat!
The quokka barely misses you. The frilled lizard bites you.
* * * LOW HITPOINT WARNING * * *
The quokka attacks as you move away! The quokka barely misses you.
The kobold attacks as you move away! The kobold closely misses you.
The foxfire hits the kobold.
You kill the kobold!
The frilled lizard attacks as you move away!
The frilled lizard completely misses you.
A rat comes into view.
The quokka attacks as you move away! The quokka closely misses you.
The quokka bites you.
* * * LOW HITPOINT WARNING * * *
Casting: Foxfire (safe; 5% risk of failure)
Confirm with . or Enter, or press ? or * to list all spells.
You don't have enough health to cast this spell.
As you read the scroll labelled ITEPTOILYIGG, it crumbles to dust.
It is a scroll of amnesia.
You feel forgetful for a moment.
The ball python hisses angrily.
The quokka barely misses you. The frilled lizard bites you.
You die...

...#.#....###..
..........#
.......)..##.#.
.............>.
.........###... #####
...............
....#####...............
........###...#lr...r...
......⌠...##..#.@...S...
..⌠........##.#...###...
....).......# #...# ...
........⌠...# ..... ..
............#.......
..⌠........##........
......⌠...###.....##..
........###.#.....##...
....##'##.............


You could see a quokka, a ball python, a frilled lizard and a rat.

Vanquished Creatures
  A ball python (D:1)
  2 endoplasms (D:1)
  2 hobgoblins (D:1)
  2 bats (D:1)
  2 frilled lizards (D:1)
  A goblin (D:1)
  2 kobolds (D:1)
  A rat (D:1)
13 creatures vanquished.

Vanquished Creatures (others)
  24 foxfires (D:1)
24 creatures vanquished.

Grand Total: 37 creatures vanquished

Notes
Turn   | Place    | Note
-------+----------+-------------------------------------------
     0 | D:1      | Irreverend the Djinni Fire Elementalist began the quest for
                  | the Orb.
     0 | D:1      | Irreverend set off with the following spells memorised:
                  | Foxfire, Scorch, Kindle Blastsparks, Inner Flame, Flame
                  | Wave.
     0 | D:1      | Reached XP level 1. HP: 15/15 MP: 0/0
   567 | D:1      | Reached XP level 2. HP: 20/21 MP: 0/0
   850 | D:1      | HP: 1/21 [quokka (3)]
   851 | D:1      | Slain by a frilled lizard

Illustrated notes

Levels and vault maps discovered:
D:1:      dpeg_arrival_water_temple_mockup, layout_basic

Action                     || total
---------------------------++-------
   Cast: Foxfire           ||    17
    Use: Scroll            ||     1
 Armour: Robe              ||     5
  Dodge: Dodged            ||    24

Table legend: (Time is in decaauts)
 A = Elapsed time spent in this place.
 B = Non-inter-level travel time spent in this place.
 C = Inter-level travel time spent in this place.
 D = Time resting spent in this place.
 E = Time spent auto-exploring this place.
 F = Levels seen in this place.
 G = Mean time per level.
                   A        B        C        D        E       F      G
               +--------+--------+--------+--------+--------+-----+--------+
         Total |    851 |    828 |     23 |    444 |    233 |   1 |  851.0 |
       Dungeon |    851 |    828 |     23 |    444 |    233 |   1 |  851.0 |
               +--------+--------+--------+--------+--------+-----+--------+

Top non-repeatable levels by time:
     D:1: 851 daAuts
